 Dungeon Crawl Stone Soup version 0.24.0-123-gd5b16e6ec5 (webtiles) character file.

Game seed: 16843245135486259686, levelgen mode: deterministic

82 Descartes the Magician (level 4, -4/24 HPs)
             Began as a Deep Elf Wizard on Jan 26, 2020.
             Killed from afar by a white imp (7 damage)
             ... with a puff of frost
             ... summoned by Natasha
             ... on level 1 of the Dungeon.
             The game lasted 00:05:57 (2784 turns).

Descartes the Magician (Deep Elf Wizard)            Turns: 2784, Time: 00:05:58

Health: -4/24      AC:  3    Str:  4    XL:     4   Next: 21%
Magic:  2/13       EV: 13    Int: 24    God:
Gold:   147        SH:  0    Dex: 13    Spells: 5/14 levels left

rFire    . . .     SeeInvis .   k - +0 hunting sling
rCold    . . .     Gourm    .   (no shield)
rNeg     . . .     Faith    .   a - +0 robe
rPois    .         Spirit   .   b - +0 hat
rElec    .         Reflect  .   (no cloak)
rCorr    .         Harm     .   l - +0 pair of gloves
MR       .....                  (no boots)
Stlth    ++........             (no amulet)
HPRegen  0.08/turn              (no ring)
MPRegen  0.13/turn              (no ring)

@: very slightly contaminated
A: no striking features
a: no special abilities


You were on level 1 of the Dungeon.
You were hungry.

You visited 1 branch of the dungeon, and saw 2 of its levels.

You collected 147 gold pieces.

Inventory:

Hand Weapons
 k - a +0 hunting sling (weapon)
Missiles
 g - 116 stones (quivered)
Armour
 a - a +0 robe (worn)
 b - a +0 hat (worn)
 l - a +0 pair of gloves (worn)
Scrolls
 c - 2 scrolls of identify {unknown}
 f - a scroll of remove curse {unknown}
 h - 2 scrolls of enchant armour {unknown}
 j - 3 scrolls of teleportation {unknown}
 p - a scroll of fog {unknown}
Potions
 e - a potion of mutation {unknown}
 i - a potion of agility {unknown}
 n - a potion of flight {unknown}
 o - a potion of might {unknown}
Comestibles
 d - 5 rations


   Skills:
 - Level 2.4 Dodging
 - Level 2.4 Stealth
 * Level 5.6 Spellcasting
 * Level 2.8 Conjurations
   Level 1.1 Summonings
 + Level 1.7 Translocations
 + Level 0.5 Fire Magic
 + Level 0.6 Air Magic


You had 5 spell levels left.
You knew the following spells:

 Your Spells              Type           Power        Failure   Level  Hunger
a - Magic Dart            Conj           ###.         2%          1    None
b - Blink                 Tloc           N/A          6%          2    None
c - Conjure Flame         Conj/Fire      ##......     12%         3    #......
d - Mephitic Cloud        Conj/Pois/Air  ##......     16%         3    #......

Your spell library contained the following spells:

 Spells                   Type           Power        Failure   Level  Hunger
 Call Imp                 Summ           ##......     8%          2    None
 Slow                     Hex            #.......     13%         2    None


Dungeon Overview and Level Annotations

Branches:
Dungeon (2/15)

Altars:

Annotations:
D:1 Natasha


Message History

Press: ? - help, Dir - move target cursor You miscast Conjure Flame.
You are very lightly contaminated with residual magic.
Your skin tingles.
You are feeling hungry.
Casting: Conjure Flame (safe; 12% risk of failure)
Confirm with . or Enter, or press ? or * to list all spells.
Aiming: Conjure Flame (safe; 12% risk of failure)
Press: ? - help, Dir - move target cursor, f - white imp
Aim: a white imp (summoned)
You can't place the cloud on a creature.
Casting: Conjure Flame (safe; 12% risk of failure)
Confirm with . or Enter, or press ? or * to list all spells.
Aiming: Conjure Flame (safe; 12% risk of failure)
Press: ? - help, Dir - move target cursor, p - white imp You miscast Conjure Flame.
The air around you crackles with energy!
The white imp gestures at you. The puff of frost hits you!
You die...

### ##### ###
#.#####.#.#######.####
#....@..#.........#...
#.#####5#....####.#.##
############.###...####.####.#.#
.....รท........##.#...........#.#
#############....#..h.......##.#
......##.####......##.......##.#
#####.#..#.......#.##.......##.#
#####'#..#.#####.#.##..........#
#........#.#...#.#.##.#.###....#


You could see a white imp.

Vanquished Creatures
  3 adders (D:2)
  2 worms (D:2)
  5 leopard geckos
  6 bats
  2 giant cockroaches (D:2)
  2 goblins (D:2)
  11 hobgoblins
  4 jackals (D:2)
  2 frilled lizards (D:2)
  A kobold (D:1)
  4 rats (D:1)
42 creatures vanquished.

Notes
Turn   | Place    | Note
-------+----------+-------------------------------------------
     0 | D:1      | Descartes the Deep Elf Wizard began the quest for the Orb.
     0 | D:1      | Reached XP level 1. HP: 10/10 MP: 7/7
   481 | D:1      | Reached XP level 2. HP: 6/15 MP: 2/9
   488 | D:1      | Learned a level 2 spell: Blink
   810 | D:1      | Reached skill level 5 in Spellcasting
  1434 | D:2      | Reached XP level 3. HP: 19/19 MP: 8/11
  1555 | D:2      | Noticed Sigmund
  1695 | D:2      | Noticed Natasha
  1830 | D:2      | Learned a level 3 spell: Conjure Flame
  1834 | D:2      | Learned a level 3 spell: Mephitic Cloud
  2312 | D:2      | Reached XP level 4. HP: 21/24 MP: 7/13
  2784 | D:1      | Killed from afar by a white imp

Levels and vault maps discovered:
D:1:      wander_arrival_estate, layout_basic, minmay_misc_feat_doors
D:2:      layout_basic, minmay_cupped, uniq_natasha, uniq_sigmund

Skill      XL: |  1  2 |
---------------+-------+-----
Conjurations   | 2 |  2.8
Spellcasting   | 5 |  5.6
Dodging        | |  2.4
Stealth        | |  2.4
Summonings     | |  1.1
Translocations | |  1.7
Fire Magic     | |  0.5
Air Magic      | |  0.6

Action                   |  1- 3 |  4- 6 || total
-------------------------+-------+-------++-------
 Fire: Hunting sling     |    20 |       ||    20
 Cast: Magic Dart        |   104 |    22 ||   126
       Blink             |     1 |     1 ||     2
  Eat: Chunk             |     4 |     1 ||     5
Armor: Robe              |     3 |       ||     3
Dodge: Dodged            |    27 |     1 ||    28
